 Dungeon Crawl Stone Soup version 0.22-a0-224-g8cf3520 (webtiles) character file.

329 4thArraOfDagon the Insei (level 6, -6/42 HPs)
             Began as an Octopode Arcane Marksman on Feb 19, 2018.
             Was a Believer of Cheibriados.
             Killed from afar by Ijyb (22 damage)
             ... with a wand of acid (7)
             ... on level 5 of the Dungeon.
             The game lasted 00:08:42 (2780 turns).

4thArraOfDagon the Insei (Octopode Arcane Marksman) Turns: 2780, Time: 00:08:43

Health: -6/42      AC: -3    Str: 11    XL:     6   Next: 51%
Magic:  8/8        EV: 15    Int: 21    God:    Cheibriados [**....]
Gold:   192        SH:  0    Dex: 17    Spells: 6/7 levels left

rFire    . . .     SeeInvis .     - Unarmed
rCold    . . .     Gourm    .   (no shield)
rNeg     . . .     Faith    .   (helmet restricted)
rPois    .         Spirit   .   (no amulet)
rElec    .         Reflect  .   o - -2 ring of strength
rCorr    .         Harm     .   (no ring)
MR       .....                  (no ring)
Stlth    +++.......             (no ring)
HPRegen  0.14/turn              (no ring)
MPRegen  0.11/turn              (no ring)
                                (no ring)
                                (no ring)

@: corroded, very slow
A: almost no armour, stealthy swim, amphibious, 8 rings, constrict 8, camouflage
1, gelatinous body 1
a: Bend Time, Renounce Religion


You were on level 5 of the Dungeon.
You worshipped Cheibriados.
Cheibriados was pleased with you.
You were not hungry.

You visited 1 branch of the dungeon, and saw 5 of its levels.

You collected 192 gold pieces.

Inventory:

Hand Weapons
 l - a +0 blowgun
Missiles
 b - 5 javelins (quivered)
 c - a throwing net
 m - 7 poisoned needles
Jewellery
 o - a -2 ring of strength (left tentacle)
Wands
 q - a wand of scattershot (5)
Scrolls
 d - a scroll of remove curse
 g - 2 scrolls of enchant weapon {unknown}
 j - 2 scrolls of teleportation {unknown}
 p - a scroll of amnesia {unknown}
Potions
 e - a potion of degeneration {unknown}
 f - 4 potions of heal wounds
 h - a potion of might {unknown}
 i - a potion of curing {unknown}
 k - 2 potions of flight
 n - a potion of cancellation
 r - 2 potions of brilliance {unknown}
 s - a potion of invisibility
Comestibles
 a - 10 rations


   Skills:
 - Level 3.1 Fighting
 - Level 2.0 Throwing
 + Level 3.3 Dodging
 * Level 3.6 Unarmed Combat
 - Level 1.0 Spellcasting
 - Level 3.0 Hexes
 + Level 2.7 Invocations


You had 6 spell levels left.
You knew the following spells:

 Your Spells              Type           Power        Failure   Level  Hunger
a - Corona                Hex            ##.....      4%          1    ##.....


Dungeon Overview and Level Annotations

Branches:
Dungeon (5/15)
 Temple: D:4-7

Altars:
Cheibriados

Annotations:
D:5 Edmund, Ijyb


Innate Abilities, Weirdness & Mutations

You cannot wear most types of armour.
You are very stealthy in the water. (Stealth+)
You are amphibious.
You can wear up to eight rings at the same time.
You can use your tentacles to constrict eight enemies at once.
Your skin changes colour to match your surroundings (Stealth+).
Your rubbery body absorbs attacks. (AC +1, EV +1)


Message History

Found a robe.
A worker ant comes into view.
You found an alarm trap!
Unknown command.
Ijyb the Twisted Goblin comes into view.
She is wielding a dagger of venom.
Ijyb shouts!
Unknown command.
Unknown command.
Ijyb zaps a wand.
The bolt of acid hits you! The acid corrodes you!
You are splashed with acid!
The acid burns!
It is a wand of acid (7).
Unknown command.
Evoke which item? (* to show all) (? for menu, Esc to quit)
Aiming: Scattershot
Press: ? - help, Shift-Dir - straight line, f - Ijyb
Aim: Ijyb, wielding a dagger of venom, wearing a chain mail and carrying a wand of acid (7)
The burst of metal fragments hits Ijyb. x3
Ijyb is heavily wounded.
Ijyb zaps a wand.
The bolt of acid hits you!
Ouch! That really hurt!
You die...

#.....## #.###... #
##########....... ##.
###........#....... ...
..^.......'....... .a
#........#.......
###g####........#######.
+..................)....
###.###@......#########.
#.###.......# #.
#...........# #.
#####.......# #.
###....## ### #....# #..
#.[..# #.. #....# #..
#....# #..


You could see Ijyb.

Vanquished Creatures
  An ice beast (D:5)
  A bullfrog zombie (D:5)
  An orc wizard (D:5)
  A worker ant (D:4)
  Robin (D:2)
  3 gnolls (D:3)
  4 adders
  2 worms
  7 leopard geckos
  4 orcs
  7 bats
  2 giant cockroaches
  17 goblins
  5 hobgoblins
  7 jackals
  3 kobolds
  2 frilled lizards
  2 rats (D:1)
70 creatures vanquished.

Notes
Turn   | Place    | Note
-------+----------+-------------------------------------------
     0 | D:1      | 4thArraOfDagon the Octopode Arcane Marksman began the quest for the Orb.
     0 | D:1      | Reached XP level 1. HP: 13/13 MP: 2/2
     6 | D:1      | Thaneod: no to wlaz
    77 | D:1      | Bazinga: !
    84 | D:1      | Reached XP level 2. HP: 13/19 MP: 3/3
   164 | D:2      | Noticed a phantom
   407 | D:2      | Noticed Robin
   538 | D:3      | Reached XP level 3. HP: 26/26 MP: 4/4
   685 | D:3      | Found a snail-covered altar of Cheibriados.
   713 | D:3      | Became a worshipper of Cheibriados the Contemplative
   968 | D:1      | 4thArraOfDagon: czekaj, musze to wymeczyc :)
  1504 | D:2      | Reached skill level 1 in Unarmed Combat
  1617 | D:2      | Killed Robin
  1617 | D:2      | Reached * piety under Cheibriados
  1617 | D:2      | Reached XP level 4. HP: 13/31 MP: 5/5
  1632 | D:2      | Reached skill level 1 in Invocations
  1957 | D:3      | Reached XP level 5. HP: 17/36 MP: 6/6
  2267 | D:4      | Reached ** piety under Cheibriados
  2297 | D:4      | Bazinga: dobra to skoki ide ogladac, bo walczymy z niemcami
  2401 | D:4      | 4thArraOfDagon: sztoch? :D
  2520 | D:5      | Entered Level 5 of the Dungeon
  2520 | D:5      | Noticed Edmund
  2597 | D:5      | Bazinga: xD
  2613 | D:5      | Noticed an ice beast
  2621 | D:5      | Killed an ice beast
  2621 | D:5      | Reached XP level 6. HP: 28/42 MP: 7/7
  2777 | D:5      | Noticed Ijyb
  2780 | D:5      | Killed from afar by Ijyb

Vault maps used:
D:1:      erik_arrival_blinker_ship
D:2:      kennysheep_generic_room_15, uniq_robin
D:3:      cheibriados_altar_1
D:5:      first_ration, uniq_ijyb, uniq_edmund

Skill      XL: |  1  2  3  4  5 |
---------------+----------------+-----
Fighting       | 2 3 |  3.1
Unarmed Combat | 1 2 3 |  3.6
Invocations    | 1 2 |  2.7
Dodging        | 3 |  3.3
Throwing       | |  2.0
Spellcasting   | |  1.0
Hexes          | |  3.0

Action                   |  1- 3 |  4- 6 || total
-------------------------+-------+-------++-------
Melee: Unarmed           |   114 |    83 ||   197
       Constrict         |    34 |    29 ||    63
       Tentacles         |    19 |    18 ||    37
       Punch             |       |     2 ||     2
Throw: Javelin           |     5 |    12 ||    17
       Throwing net      |     3 |       ||     3
Evoke: Wand              |       |     2 ||     2
  Use: Potion            |       |     2 ||     2
       Scroll            |       |     5 ||     5
 Stab: Sleeping          |     4 |     5 ||     9
       Held in net/web   |     2 |       ||     2
       Distracted        |       |     1 ||     1
  Eat: Chunk             |     3 |     2 ||     5
Armor: Skin              |    13 |     2 ||    15
Dodge: Dodged            |    88 |    46 ||   134

Table legend:
 A = Spawn XP
 B = Non-spawn XP
 C = Spawn XP percentage of total XP
 D = Spawn monster count
 E = Non-spawn monster count
 F = Spawn count percentage of total count
 G = Total turns spent on level
                    A         B        C        D         E        F      G
               +---------+---------+-------+---------+---------+-------+---------
         Total |       0 |     471 |   0.0 |       0 |      70 |   0.0 |  2780
               +---------+---------+-------+---------+---------+-------+---------
           D:1 |       0 |      30 |   0.0 |       0 |      17 |   0.0 |   676
           D:2 |       0 |      61 |   0.0 |       0 |      21 |   0.0 |   875
           D:3 |       0 |      81 |   0.0 |       0 |      18 |   0.0 |   668
           D:4 |       0 |      65 |   0.0 |       0 |       4 |   0.0 |   312
           D:5 |       0 |     234 |   0.0 |       0 |      10 |   0.0 |   249
               +---------+---------+-------+---------+---------+-------+---------
